 Dungeon Crawl Stone Soup version 0.31-a0-965-g8a8ce12e04 (webtiles) character file.

Game seed: 18381165184440623676

2139 tsujin the Ruffian (level 9, -3/67 HPs)
             Began as a Demonspawn Shapeshifter on Oct 26, 2023.
             Was a Follower of Qazlal.
             Shot with a sling bullet by Joseph (14 damage)
             ... on level 7 of the Dungeon.
             The game lasted 00:14:04 (6378 turns).

tsujin the Ruffian (Demonspawn Shapeshifter)        Turns: 6378, Time: 00:14:05

Health: -3/67      AC: 11    Str: 19    XL:     9   Next: 9%
Magic:  9/9        EV: 12    Int: 12    God:    Qazlal [*.....]
Gold:   180        SH:  1    Dex: 12    Spells: 8/8 levels left

rFire   . .          .
                       - Unarmed
rCold   . . .        (no shield)
rNeg    . . .        p - +1 swamp dragon scales
rPois   +            (helmet currently unavailable)
rElec   .            (cloak currently unavailable)
rCorr   .            (gloves currently unavailable)
SInv    .            (boots currently unavailable)
Will    +....        f - amulet of faith
Stlth   +            j - ring of willpower
HPRegen 0.31/turn    (no ring)
MPRegen 0.11/turn

%: faith
@: mighty, beast-form, hasted, very quick
A: beast (slay +3), antennae 1, powered by pain 2, sharp scales 3
a: Begin Untransformation, Renounce Religion


You were on level 7 of the Dungeon.
You worshipped Qazlal.
Qazlal was aware of your devotion.
You were a hulking beast.
You visited 1 branch of the dungeon, and saw 7 of its levels.

You collected 431 gold pieces.
You spent 251 gold pieces at shops.

Inventory:

Hand Weapons
 b - a +0 dagger
Armour
 p - +1 swamp dragon scales (worn)
Jewellery
 f - an amulet of faith (around neck)
 j - a ring of willpower (left hand)
Talismans
 c - a beast talisman
 d - a flux talisman
 o - a dragon-blood talisman
Wands
 e - a wand of roots (7)
 h - a wand of flame (28)
 s - a wand of charming (14)
Scrolls
 i - a scroll of identify
 k - 2 scrolls of revelation
 m - 2 scrolls of immolation
Potions
 a - a potion of magic
 l - a potion of curing
 n - a potion of brilliance
 q - 3 potions of degeneration
 t - a potion of enlightenment


   Skills:
 + Level 4.9 Fighting
 + Level 4.8 Dodging
 - Level 1.7 Stealth
 + Level 6.7 Unarmed Combat
 * Level 6.2 Shapeshifting


You had 8 spell levels left.
You didn't know any spells.
Your spell library contained the following spells:

 Spells                   Type           Power      Damage    Failure   Level
 Apportation              Tloc           0%         N/A       50%         1
 Foxfire                  Conj/Fire      0%         2x1d4     50%         1
 Blink                    Tloc           0%         N/A       65%         2
 Jinxbite                 Hex            0%         N/A       65%         2
 Lesser Beckoning         Tloc           0%         N/A       65%         2
 Momentum Strike          Conj/Tloc      0%         3d8       65%         2
 Dazzling Flash           Conj/Hex       0%         N/A       86%         3
 Stone Arrow              Conj/Erth      0%         3d7       86%         3
 Volatile Blastmotes      Fire/Tloc      0%         2d10      86%         3
 Animate Armour           Summ/Erth      0%         N/A       99%         4
 Alistair's Intoxication  Tmut/Pois      0%         N/A       100%        5
 Summon Forest            Summ/Tloc      0%         N/A       100%        5
 Summon Mana Viper        Hex/Summ       0%         N/A       100%        5
 Conjure Ball Lightning   Conj/Air       0%         3x3d6     100%        6
 Plasma Beam              Fire/Air       0%         2x1d10    100%        6
 Starburst                Conj/Fire      0%         6d3       100%        6
 Summon Cactus Giant      Summ           0%         N/A       100%        6
 Discord                  Hex            0%         N/A       100%        8
 Disjunction              Tloc           0%         N/A       100%        8
 Lehudib's Crystal Spear  Conj/Erth      0%         10d2      100%        8
 Maxwell's Capacitive Co  Air            0%         ∞         100%        8


Dungeon Overview and Level Annotations

Branches:
Dungeon (7/15)             Temple (0/1) D:6

Altars:
Qazlal
Yredelemnul

Shops:
D:7 !*[[

Annotations:
D:7 Joseph


Innate Abilities, Weirdness & Mutations

You are a hulking beast.
Your limbs bulge with bestial killing power. (Slay +3)
You have a pair of small antennae on your head.
You sometimes gain power by taking damage.
You are completely covered in razor-sharp scales. (AC +3, Slay +3)


Message History

You take 10 damage, and have 51/67 hp.
Okay, then.
Joseph shoots a sling bullet.
The sling bullet hits you.
You take 5 damage, and have 46/67 hp.
You are too injured to fight recklessly!
Joseph shoots a sling bullet.
The sling bullet hits you!
You focus on the pain.
You feel very mighty all of a sudden.
You take 10 damage, and have 36/67 hp.
Joseph unwields a +0 sling.
Joseph wields a +0 quarterstaff.
Joseph hits you with a +0 quarterstaff.
You take 4 damage, and have 32/67 hp.
You punch Joseph!
Joseph is lightly wounded.
Joseph closely misses you.
You closely miss Joseph.
Joseph is lightly wounded.
You punch Joseph!
Joseph is moderately wounded.
Joseph hits you with a +0 quarterstaff!
You take 9 damage, and have 23/67 hp.
You punch Joseph!
Joseph is heavily wounded.
Joseph hits you with a +0 quarterstaff!
* * * LOW HITPOINT WARNING * * *
You take 12 damage, and have 11/67 hp.
You feel yourself speed up. Joseph misses you.
You feel better. Joseph barely misses you.
You regained 7 hp, and now have 18/67 hp.
You are too injured to fight recklessly!
You hit Joseph.
Joseph is heavily wounded.
You barely miss Joseph.
Joseph is heavily wounded.
Joseph hits you with a +0 quarterstaff!
* * * LOW HITPOINT WARNING * * *
You take 9 damage, and have 10/67 hp.
Joseph unwields a +0 quarterstaff.
Joseph wields a +0 sling.
Joseph shoots a sling bullet.
The sling bullet closely misses you.
Joseph shoots a sling bullet.
The sling bullet hits you!
You die...

{#....#.....###....###..
#.#..........'...<.....
#.#'#......<.#....#....
#.'∩'...)..............
#.#'#.#.........###....
#.....#...........+....
#.....###.##.....##....
#.....###.#...)..######
#...☼.h...#....))# #...
##...............###...
#............#....)...
#@..........##...†)).#
#.......................#
########.......#........#
#.......#.#<######
#########.#.# #.#.#


You could see Joseph.

Vanquished Creatures
  Maggie (D:7)
  Prince Ribbit (D:7)
  A steam dragon (D:7)
  A water moccasin (D:5)
  A sky beast (D:7)
  A black bear (D:4)
  An ice beast (D:5)
  An ogre (D:5)
  A centaur (D:7)
  A phantom (D:6)
  2 kobold brigands
  A bullfrog (D:7)
  A scorpion (D:5)
  3 hounds
  A jelly (D:4)
  An orc priest (D:4)
  2 sleepcaps
  Jessica (D:3)
  2 iguanas (D:5)
  4 orc wizards
  Natasha (thrice) (D:2)
  Robin (D:2)
  3 adders
  3 shadow imps
  A white imp (D:7)
  A worm (D:2)
  6 dart slugs
  18 orcs
  3 ball pythons
  5 bats
  6 endoplasms
  2 giant cockroaches
  11 hobgoblins
  7 jackals
  9 kobolds
  5 quokkas
  3 frilled lizards
  18 goblins
  3 rats
136 creatures vanquished.

Vanquished Creatures (others)
  An orc wizard (D:3)
1 creature vanquished.

Grand Total: 137 creatures vanquished

Notes
Turn   | Place    | Note
-------+----------+-------------------------------------------
     0 | D:1      | tsujin the Demonspawn Shapeshifter began the quest for the
                  | Orb.
     0 | D:1      | Reached XP level 1. HP: 15/15 MP: 1/1
   207 | D:1      | Gained mutation: You are partially covered in razor-sharp
                  | scales. (AC +1, Slay +1) [demonic ancestry]
   207 | D:1      | Reached XP level 2. HP: 18/21 MP: 2/2
   553 | D:1      | Reached XP level 3. HP: 14/26 MP: 3/3
   960 | D:2      | Noticed Robin
   997 | D:2      | Killed Robin
  1116 | D:2      | Gained mutation: You are mostly covered in razor-sharp
                  | scales. (AC +2, Slay +2) [demonic ancestry]
  1116 | D:2      | Reached XP level 4. HP: 26/32 MP: 4/4
  1353 | D:2      | Noticed Natasha
  1361 | D:2      | Killed Natasha
  1460 | D:2      | Noticed Natasha
  1466 | D:2      | Killed Natasha
  1467 | D:2      | Gained mutation: You have a pair of small antennae on your
                  | head. [demonic ancestry]
  1467 | D:2      | Reached XP level 5. HP: 25/37 MP: 5/5
  1719 | D:2      | Noticed Natasha
  1729 | D:2      | Killed Natasha
  2139 | D:3      | Noticed Jessica
  2141 | D:3      | Killed Jessica
  2891 | D:3      | Reached XP level 6. HP: 41/43 MP: 6/6
  3250 | D:4      | Reached skill level 1 in Stealth
  3250 | D:4      | Reached skill level 5 in Unarmed Combat
  3443 | D:4      | Gained mutation: You are completely covered in razor-sharp
                  | scales. (AC +3, Slay +3) [demonic ancestry]
  3443 | D:4      | Reached XP level 7. HP: 9/50 MP: 7/7
  3888 | D:4      | Found a stormy altar of Qazlal.
  3889 | D:4      | Noticed a fire elemental
  3891 | D:4      | Noticed an air elemental
  3891 | D:4      | Noticed a water elemental
  3897 | D:4      | Became a worshipper of Qazlal Stormbringer
  4047 | D:5      | Entered Level 5 of the Dungeon
  4503 | D:5      | Reached skill level 5 in Shapeshifting
  4796 | D:5      | Gained mutation: You sometimes gain a little power by
                  | taking damage. [demonic ancestry]
  4796 | D:5      | Reached XP level 8. HP: 58/58 MP: 8/8
  5065 | D:6      | Found a staircase to the Ecumenical Temple.
  5358 | D:6      | Found a basalt altar of Yredelemnul.
  5680 | D:7      | Found Hoixug's Antique Armour Emporium.
  5680 | D:7      | Noticed Maggie
  5701 | D:7      | Killed Maggie
  5874 | D:7      | Found Putt's Antique Armour Boutique.
  5896 | D:7      | Bought a slimy leather armour for 161 gold pieces
  5896 | D:7      | Identified the +0 leather armour of the Midnight Sun
                  | {Int+4} (You bought it in a shop on level 7 of the Dungeon)
  6061 | D:7      | Found Qocurrac's General Store.
  6101 | D:7      | Reached * piety under Qazlal
  6191 | D:7      | Noticed Prince Ribbit
  6217 | D:7      | Killed Prince Ribbit
  6218 | D:7      | Gained mutation: You sometimes gain power by taking damage.
                  | [demonic ancestry]
  6218 | D:7      | Reached XP level 9. HP: 57/67 MP: 9/9
  6347 | D:7      | Found Seal's Distillery.
  6350 | D:7      | Bought a potion of curing for 45 gold pieces
  6350 | D:7      | Bought a potion of curing for 45 gold pieces
  6361 | D:7      | Noticed Joseph
  6378 | D:7      | Shot with a sling bullet by Joseph

Illustrated notes

Levels and vault maps discovered:
D:1:      lemuel_arrival_muddy, layout_basic
D:2:      layout_loops_corners, amcnicky_mini_rare_corridor_liquid, hex_medium,
          uniq_robin, uniq_natasha
D:3:      cheibrodos_helix_gallery, layout_basic, uniq_jessica
D:4:      layout_cave_pools, nicolae_qazlal_style_of_elements, minivault_14
D:5:      layout_cave_pools, serial_park, serial_park_square1
          [serial_park_minivault_5x5_2], serial_park_tiny_2, serial_park_avenue1
D:6:      layout_loops_ring, mainiacjoe_overflow_brackets,
          minmay_temple_entry_waves, chequers_serial_rivers_small_b,
          nicolae_houndstooth_variations
D:7:      layout_basic, serial_shops, nicolae_shop_behind_doors,
          nicolae_lakefront_shop, shop, nicolae_shop_peninsula, shop,
          uniq_prince_ribbit1, uniq_joseph, uniq_maggie

Skill      XL: |  1  2  3  4  5  6  7  8 |
---------------+-------------------------+-----
Shapeshifting  | 3 4 5 6 |  6.2
Unarmed Combat | 3 4 5 6 |  6.7
Dodging        | 2 3 4 |  4.8
Stealth        | 1 |  1.7
Fighting       | 2 3 4 |  4.9

Action                     |  1- 3 |  4- 6 |  7- 9 || total
---------------------------+-------+-------+-------++-------
  Melee: Unarmed           |   123 |   162 |   158 ||   443
         Punch             |     1 |     5 |    11 ||    17
    Use: Potion            |     2 |     1 |     5 ||     8
         Scroll            |       |     8 |     5 ||    13
   Stab: Sleeping          |     2 |     2 |     1 ||     5
 Armour: Animal skin       |    54 |   111 |    11 ||   176
         Skin              |    11 |       |       ||    11
         Scale mail        |       |       |    33 ||    33
         Swamp dragon scal |       |       |    38 ||    38
  Dodge: Dodged            |    74 |    92 |    96 ||   262

Table legend: (Time is in decaauts)
 A = Elapsed time spent in this place.
 B = Non-inter-level travel time spent in this place.
 C = Inter-level travel time spent in this place.
 D = Time resting spent in this place.
 E = Time spent auto-exploring this place.
 F = Levels seen in this place.
 G = Mean time per level.
                   A        B        C        D        E       F      G
               +--------+--------+--------+--------+--------+-----+--------+
         Total |   6332 |   6153 |    179 |   1092 |   3936 |   7 |  904.6 |
       Dungeon |   6332 |   6153 |    179 |   1092 |   3936 |   7 |  904.6 |
               +--------+--------+--------+--------+--------+-----+--------+

Top non-repeatable levels by time:
     D:2: 1185 daAuts
     D:3: 1101 daAuts
     D:1: 946 daAuts
     D:4: 912 daAuts
     D:7: 794 daAuts
     D:6: 728 daAuts
     D:5: 663 daAuts
